 Dungeon Crawl Stone Soup version 0.20-a0-792-g09bcfd3 (webtiles) character file.

7247 krabocopter the Cleaver (level 11, 0/138 HPs)
             Began as a Hill Orc Fighter on Feb 28, 2017.
             Was a Priest of Okawaru.
             Slain by a death yak (4 damage)
             ... on level 8 of the Dungeon.
             The game lasted 00:41:06 (12216 turns).

krabocopter the Cleaver (Hill Orc Fighter)         Turns: 12216, Time: 00:41:06

Health: 0/138      AC: 25    Str: 20    XL:     11   Next: 12%
Magic:  11/11      EV:  2    Int:  8    God:    Okawaru [***...]
Gold:   504        SH: 12    Dex: 13    Spells: 10/10 levels left

rFire    . . .     SeeInvis .   a - +0 war axe
rCold    . . .     Gourm    .   (armour currently unavailable)
rNeg     + + +     Faith    .   c - +0 shield
rPois    +         Spirit   .   (helmet currently unavailable)
rElec    .         Reflect  .   (cloak currently unavailable)
rCorr    +         Harm     .   (gloves currently unavailable)
MR       +....     NoTele   +   (boots currently unavailable)
Stlth    +.........             (no amulet)
Regen    0.4/turn               r - ring of resist corrosion
MPRegen  0.2/turn               A - ring of protection from magic

@: tree-form, hasted, very quick
A: no striking features
a: Heroism, Renounce Religion


You were on level 8 of the Dungeon.
You worshipped Okawaru.
Okawaru was most pleased with you.
You were not hungry.
You were a tree.
You visited 2 branches of the dungeon, and saw 9 of its levels.

You collected 504 gold pieces.

Inventory:

Hand Weapons
 a - a +0 war axe (weapon)
 y - a +4 battleaxe
Armour
 c - a +0 shield (worn)
 l - a +0 pair of boots (melded)
 u - a +2 leather armour of fire resistance (melded)
 v - a +0 leather armour of magic resistance
 G - a +0 helmet (melded)
Jewellery
 i - an uncursed ring of ice
 r - a ring of resist corrosion (right branch)
 A - a ring of protection from magic (left branch)
 J - an uncursed ring of positive energy {unknown}
Wands
 o - a wand of digging (13/24)
 s - a wand of lightning (4/15)
 B - a wand of lightning (9/15)
 E - a wand of digging (6/24)
 K - a wand of confusion (18/48)
Scrolls
 h - 3 scrolls of teleportation
 k - 2 scrolls of magic mapping {unknown}
 m - 5 scrolls of identify
 q - a scroll of blinking {unknown}
 x - a scroll of enchant weapon {unknown}
 z - 2 scrolls of amnesia
 F - a scroll of recharging {unknown}
Potions
 b - 3 potions of haste
 d - a potion of might
 e - 2 potions of cancellation {unknown}
 g - 2 potions of berserk rage
 j - 2 potions of lignification
 p - a potion of mutation {unknown}
 C - a potion of agility {unknown}
 D - a potion of flight {unknown}
 H - a potion of curing
Comestibles
 f - 9 bread rations
 n - 7 royal jellies
 t - a fruit
 w - 5 meat rations


   Skills:
 - Level 7.0 Fighting
 - Level 12.8 Axes
 + Level 9.6 Armour
 - Level 3.6 Dodging
 + Level 9.6 Shields


You had 10 spell levels left.
You didn't know any spells.

Dungeon Overview and Level Annotations

Branches:
Dungeon (8/15)             Temple (1/1) D:7
   Lair: D:8-11

Altars:
Ashenzari
Cheibriados
Dithmenos
Elyvilon
Fedhas
Gozag
Hepliaklqana
Kikubaaqudgha
Makhleb
Nemelex Xobeh
Okawaru
Qazlal
Ru
Sif Muna
Trog
Uskayaw
Vehumet
Wu Jian
Xom
Yredelemnul
Zin
The Shining One

Shops:
D:5 %   D:6 [

Annotations:
D:4 Duvessa


Message History

You slash the two-headed ogre!
You kill the two-headed ogre!
Okawaru is honoured by your kill.
You feel like a meek peon again.
You hit the death yak but do no damage. The death yak gores you!
You take 12 damage, and have 33/92 hp.
You slash the death yak! The death yak gores you!
* * * LOW HITPOINT WARNING * * *
You take 14 damage, and have 19/92 hp.
The death yak gores you!
* * * LOW HITPOINT WARNING * * *
You take 17 damage, and have 2/92 hp.
You turn into a tree.
Your +0 helmet melds into your body.
Your +0 pair of boots melds into your body.
Your +2 leather armour of fire resistance melds into your body.
You feel less resistant to fire.
Your roots penetrate the ground.
The death yak gores you but does no damage.
You now have 4/138 hp.
It was a potion of haste.
You feel yourself speed up. The death yak gores you.
You die...

..............#
.............#
.............#
............Y#
.............#
.............#######
..............)....##
.............##Y##..#
................♣...#
....................#
...................##
...............8...#
...................#
...................#
.####..............#
.≈≈≈#........#######
...≈#))......#


You could see a death yak.

Vanquished Creatures
  A two-headed ogre (D:8)
  The ghost of Dingo the Chopper, a novice DDMo of Elyvilon (D:5)
  The ghost of Yehuk the Sneak, a novice DsAs (D:4)
  4 polar bears
  A hippogriff (D:8)
  4 hogs (D:7)
  Sigmund (D:4)
  2 yaks (D:8)
  A human (D:7)
  Menkaure (D:5)
  2 orc warriors
  4 ice beasts
  A sky beast (D:7)
  3 ogres
  A phantom (D:8)
  A centaur (D:5)
  3 wolves
  2 big kobolds (D:4)
  3 bullfrogs
  A water moccasin zombie (D:6)
  2 scorpions (D:5)
  6 killer bees
  Dowan (D:4)
  4 wights
  An electric eel (D:8)
  A howler monkey (D:5)
  2 crimson imps
  2 jellies
  A centaur skeleton (D:8)
  3 hounds
  2 quasits
  7 orc priests
  8 orc wizards
  Jessica (D:3)
  An iguana (D:8)
  12 worker ants
  A bullfrog simulacrum (D:8)
  A centaur simulacrum (D:8)
  2 hound skeletons
  2 killer bee simulacra (D:8)
  A gnoll (D:1)
  A howler monkey skeleton (D:5)
  6 adders
  2 shadow imps
  4 white imps (D:8)
  An ufetubus (D:8)
  2 oozes (D:1)
  An adder zombie (D:6)
  6 worms
  3 dart slugs
  4 leopard geckos
  27 orcs
  7 giant cockroaches
  6 hobgoblins
  5 jackals
  6 quokkas
  5 bats
  6 frilled lizards
  8 goblins
  A jackal skeleton (D:4)
  21 kobolds
  A quokka skeleton (D:6)
  9 rats
231 creatures vanquished.

Vanquished Creatures (others)
  An orc (D:8)
1 creature vanquished.

Grand Total: 232 creatures vanquished

Notes
Turn   | Place    | Note
-------+----------+-------------------------------------------
     0 | D:1      | krabocopter the Hill Orc Fighter began the quest for the Orb.
     0 | D:1      | Reached XP level 1. HP: 19/19 MP: 1/1
    20 | D:1      | Reached skill level 3 in Axes
    20 | D:1      | Reached XP level 2. HP: 14/27 MP: 2/2
   418 | D:1      | Reached skill level 4 in Axes
   418 | D:1      | Reached XP level 3. HP: 28/33 MP: 3/3
   860 | D:1      | You fall through a shaft!
  1060 | D:2      | Reached XP level 4. HP: 41/41 MP: 4/4
  1526 | D:3      | You fall through a shaft!
  1537 | D:4      | Reached skill level 5 in Axes
  1885 | D:3      | Noticed Jessica
  1930 | D:3      | Killed Jessica
  1930 | D:3      | Reached skill level 5 in Fighting
  1930 | D:3      | Reached XP level 5. HP: 19/48 MP: 5/5
  2203 | D:3      | Reached skill level 6 in Axes
  2252 | D:3      | Reached XP level 6. HP: 24/56 MP: 6/6
  2523 | D:2      | Found a shimmering altar of Xom.
  2715 | D:3      | Reached skill level 7 in Axes
  3774 | D:4      | Reached skill level 8 in Axes
  3774 | D:4      | Reached XP level 7. HP: 47/63 MP: 7/7
  3962 | D:4      | Noticed Yehuk's ghost (novice DsAs)
  3992 | D:4      | Killed Yehuk's ghost
  3992 | D:4      | Reached skill level 9 in Axes
  4193 | D:4      | Noticed Duvessa
  4193 | D:4      | Noticed Dowan
  4204 | D:4      | Noticed Sigmund
  4244 | D:5      | Entered Level 5 of the Dungeon
  4265 | D:5      | Found Medoteck's Food Emporium.
  4337 | D:5      | Noticed Menkaure
  4347 | D:5      | Killed Menkaure
  4347 | D:5      | Reached skill level 10 in Axes
  4347 | D:5      | Reached skill level 1 in Dodging
  4347 | D:5      | Reached XP level 8. HP: 14/73 MP: 8/8
  4685 | D:5      | Found a runed door.
  4688 | D:5      | Found a runed door.
  5080 | D:5      | Noticed Dingo's ghost (novice DDMo)
  5091 | D:5      | Reached skill level 11 in Axes
  5125 | D:5      | Killed Dingo's ghost
  5125 | D:5      | Reached XP level 9. HP: 45/79 MP: 9/9
  5375 | D:5      | Reached skill level 12 in Axes
  6779 | D:6      | Found Hecuivuqoh's Armour Emporium.
  7610 | D:7      | Found a staircase to the Ecumenical Temple.
  7614 | D:7      | Found a hazy altar of Hepliaklqana.
  7662 | Temple   | Entered the Ecumenical Temple
  7676 | Temple   | Reached skill level 5 in Armour
  7676 | Temple   | Reached skill level 5 in Shields
  7960 | Temple   | Became a worshipper of Warmaster Okawaru
  8690 | D:7      | Reached XP level 10. HP: 71/86 MP: 10/10
  8695 | D:7      | Reached * piety under Okawaru
 10049 | D:4      | Killed Dowan
 10081 | D:4      | Killed Sigmund
 10277 | D:8      | Reached ** piety under Okawaru
 12080 | D:8      | Reached *** piety under Okawaru
 12080 | D:8      | Reached XP level 11. HP: 71/92 MP: 11/11
 12180 | D:8      | Noticed a two-headed ogre
 12181 | D:8      | Noticed a death yak
 12209 | D:8      | Killed a two-headed ogre
 12213 | D:8      | HP: 2/92 [death yak (17)]
 12216 | D:8      | Slain by a death yak

Vault maps used:
D:1:      dpeg_arrival_ratfight
D:2:      lemuel_upstairs_altar
D:3:      uniq_jessica
D:4:      cheibrodos_thug_alley, first_bread, uniq_duvessa, uniq_sigmund
D:5:      lemuel_insect_pit, serial_shops, kennysheep_little_box, uniq_menkaure
D:6:      serial_shops, shop
D:7:      overflow_temple_1_default, minmay_temple_entry_crystal_x,
          grunt_livestock
D:8:      serial_ice, serial_ice_i, serial_ice_f, serial_ice_c, serial_ice_b,
          serial_ice_n, serial_ice_m, serial_ice_h, serial_ice_d, serial_ice_g,
          serial_ice_e, small_statue_intersection
Temple:   kilobyte_greek_temple

Skill      XL: |  1  2  3  4  5  6  7  8  9 10 |
---------------+-------------------------------+-----
Fighting       | 4 5 6 7 |  7.0
Axes           | 3 4 5 6 8 10 11 12 | 12.8
Dodging        | 1 3 |  3.6
Armour         | 5 9 |  9.6
Shields        | 6 9 |  9.6

Action                   |  1- 3 |  4- 6 |  7- 9 | 10-12 || total
-------------------------+-------+-------+-------+-------++-------
Melee: War axe           |    79 |   209 |   400 |   238 ||   926
Invok: Heroism           |       |       |       |     4 ||     4
  Use: Scroll            |       |       |     5 |     2 ||     7
       Potion            |       |       |     3 |     3 ||     6
 Stab: Sleeping          |       |       |     1 |       ||     1
  Eat: Chunk             |     1 |     8 |    15 |    11 ||    35
       Fruit             |       |       |     2 |       ||     2
Armor: Scale mail        |    32 |    57 |       |       ||    89
       Leather armour    |       |    27 |    84 |    59 ||   170
       Skin              |       |       |    11 |     1 ||    12
Dodge: Dodged            |    17 |    56 |   142 |   130 ||   345
Block: Shield            |    40 |    93 |   181 |   146 ||   460
